[Event "7th Francophone-ch 2019"]
[Site "Paris"]
[Date "2019.08.04"]
[Round "1.1"]
[White "Meslage, Jean"]
[Black "Mastrovasilis, Dimitrios"]
[Result "0-1"]
[ECO "B22"]
[WhiteElo "1794"]
[BlackElo "2589"]
[Annotator "ChessBase"]
[PlyCount "82"]
[EventDate "2019.08.04"]
[EventType "swiss"]
[EventCountry "FRA"]
[SourceTitle "playchess.com"]
[Source "ChessBase"]
[SourceQuality "1"]
[TimeControl "40/5400+30:1800+30"]

1. e4 c5 2. d4 cxd4 3. c3 Nf6 4. e5 Nd5 5. Nf3 d6 6. cxd4 Nc6 7. Bc4 dxe5 8. dxe5 Ndb4 9. Qb3 e6 10. O-O Na5 11. Bb5+ Bd7 12. Qa4 Bxb5 13. Qxb5+ Nac6 14. Nc3 a6 15. Qe2 Qd3 16. Be3 Be7 17. Rfd1 Qxe2 18. Nxe2 Rd8 19. Rxd8+ Bxd8 20. Ned4 Ne7 21. a3 Nbd5 22. Bg5 Bb6 23. Rd1 h6 24. Bc1 Kd7 25. b4 Nc3 26. Rd3 Ned5 27. Bb2 Na4 28. Ba1 Rc8 29. Nb3 Ke7 30. g3 g5 31. Bd4 Bxd4 32. Nfxd4 Nb2 33. Rd2 Nc4 34. Nf5+ Kf8 35. Rd4 Nxe5 36. Kg2 Rc3 37. Nc5 b6 38. Na4 Rd3 39. Nb2 Rxa3 40. Nxh6 Rb3 41. Re4 Nd7 0-1

[Event "7th Francophone-ch 2019"]
[Site "Paris"]
[Date "2019.08.04"]
[Round "1.3"]
[White "Louvrier Saint-Mary, Jean-Roger"]
[Black "Shchekachev, Andrei"]
[Result "0-1"]
[ECO "A01"]
[WhiteElo "1789"]
[BlackElo "2531"]
[Annotator "ChessBase"]
[PlyCount "50"]
[EventDate "2019.08.04"]
[EventType "swiss"]
[EventCountry "FRA"]
[SourceTitle "playchess.com"]
[Source "ChessBase"]
[SourceQuality "1"]
[TimeControl "40/5400+30:1800+30"]

1. b3 Nf6 2. Bb2 g6 3. Bxf6 exf6 4. c4 d5 5. cxd5 Qxd5 6. Nc3 Qd8 7. e3 Nd7 8. Rc1 c6 9. f4 Ba3 10. Rc2 Qe7 11. Be2 O-O 12. Nf3 Nb6 13. Bd3 Rd8 14. Qe2 Bg4 15. h3 Bxf3 16. gxf3 f5 17. O-O Rd7 18. Bc4 Re8 19. Qf2 a6 20. Kh1 Bb4 21. Nb1 Qd8 22. Re1 Be7 23. Re2 Na8 24. d4 c5 25. dxc5 Bh4 0-1

[Event "7th Francophone-ch 2019"]
[Site "Paris"]
[Date "2019.08.04"]
[Round "1.4"]
[White "Mastrovasilis, Athanasios"]
[Black "Maiffret, Patrick"]
[Result "1-0"]
[ECO "E09"]
[WhiteElo "2518"]
[BlackElo "1823"]
[Annotator "ChessBase"]
[PlyCount "49"]
[EventDate "2019.08.04"]
[EventType "swiss"]
[EventCountry "FRA"]
[SourceTitle "playchess.com"]
[Source "ChessBase"]
[SourceQuality "1"]
[TimeControl "40/5400+30:1800+30"]

1. d4 d5 2. c4 c6 3. Nf3 Nf6 4. Qc2 e6 5. Nbd2 Nbd7 6. g3 c5 7. Bg2 Be7 8. O-O O-O 9. Rd1 cxd4 10. Nxd4 Qb6 11. N2b3 Ne5 12. cxd5 Nxd5 13. e4 Nb4 14. Qe2 Qa6 15. Qxa6 Nxa6 16. f4 Nc4 17. Bf1 Nd6 18. e5 Ne4 19. Bg2 Nec5 20. Be3 Rd8 21. Nb5 Bd7 22. Nd6 Nxb3 23. axb3 Bxd6 24. Rxd6 Nb4 25. Rad1 1-0

[Event "7th Francophone-ch 2019"]
[Site "Paris"]
[Date "2019.08.04"]
[Round "1.5"]
[White "Aw, Wai Onn"]
[Black "Flom, Gabriel"]
[Result "0-1"]
[ECO "A48"]
[WhiteElo "1913"]
[BlackElo "2494"]
[Annotator "ChessBase"]
[PlyCount "76"]
[EventDate "2019.08.04"]
[EventType "swiss"]
[EventCountry "FRA"]
[SourceTitle "playchess.com"]
[Source "ChessBase"]
[SourceQuality "1"]
[TimeControl "40/5400+30:1800+30"]

1. d4 Nf6 2. Nf3 g6 3. Bf4 Bg7 4. e3 d6 5. h3 O-O 6. Be2 b6 7. O-O Bb7 8. c3 Nbd7 9. Nbd2 Re8 10. Nc4 a6 11. Bh2 e6 12. Rc1 Qe7 13. Qb3 Rad8 14. Qa3 Ne4 15. Ncd2 Nxd2 16. Nxd2 e5 17. Rfe1 h5 18. b4 d5 19. Qb3 b5 20. dxe5 Nxe5 21. Nf3 Nc4 22. Nd4 Nb6 23. Bf3 c5 24. Ne2 Nc4 25. Rcd1 Ne5 26. Bxe5 Bxe5 27. bxc5 Qxc5 28. Nd4 Bb8 29. Qb4 Qc7 30. g3 h4 31. Ne2 hxg3 32. Nxg3 Qe5 33. Qd4 Rc8 34. Kg2 Rxc3 35. Qb6 Re7 36. Qd8+ Kg7 37. Rd4 Bc7 38. Nh5+ gxh5 0-1

[Event "7th Francophone-ch 2019"]
[Site "Paris"]
[Date "2019.08.04"]
[Round "1.6"]
[White "Vedmediuc, Serghei"]
[Black "Bongo Akanga Ndjila, Barthelemy"]
[Result "1-0"]
[ECO "B01"]
[WhiteElo "2450"]
[BlackElo "1804"]
[Annotator "ChessBase"]
[PlyCount "71"]
[EventDate "2019.08.04"]
[EventType "swiss"]
[EventCountry "FRA"]
[SourceTitle "playchess.com"]
[Source "ChessBase"]
[SourceQuality "1"]
[TimeControl "40/5400+30:1800+30"]

1. e4 d5 2. exd5 Qxd5 3. Nc3 Qa5 4. d4 c6 5. Nf3 Bf5 6. Ne5 Nf6 7. g4 Be6 8. Nc4 Bxc4 9. Bxc4 e6 10. Bd2 Nbd7 11. g5 Ng8 12. Qf3 Qf5 13. Qxf5 exf5 14. O-O-O Bd6 15. Rhe1+ Ne7 16. d5 Ne5 17. Bf4 Nxc4 18. Bxd6 Nxd6 19. dxc6 Ne4 20. Nxe4 fxe4 21. Rxe4 bxc6 22. Rde1 O-O 23. Rxe7 Rfd8 24. Rc7 Rd6 25. Ree7 Rad8 26. b3 Rd5 27. f4 Rf5 28. Re4 a5 29. Rxc6 f6 30. h4 Kf7 31. Rc7+ Kg6 32. h5+ Kxh5 33. Rxg7 h6 34. gxf6 Rxf6 35. Re5+ Kh4 36. Re1 1-0

[Event "7th Francophone-ch 2019"]
[Site "Paris"]
[Date "2019.08.04"]
[Round "1.7"]
[White "Huttl, Marko Diego"]
[Black "Prie, Eric"]
[Result "0-1"]
[ECO "B01"]
[WhiteElo "1569"]
[BlackElo "2436"]
[Annotator "NA"]
[PlyCount "82"]
[EventDate "2019.08.04"]
[EventType "swiss"]
[EventCountry "FRA"]
[SourceTitle "playchess.com"]
[Source "ChessBase"]
[SourceQuality "1"]
[TimeControl "40/5400+30:1800+30"]

1. e4 d5 2. exd5 Qxd5 3. Nc3 Qa5 4. d4 Nf6 5. Nf3 Bf5 6. Bd2 e6 7. Bc4 Bb4 8. a3 Bxc3 9. Bxc3 Qb6 10. O-O Nc6 11. h3 O-O 12. Qe2 Rad8 13. Rfd1 Be4 14. Ng5 Nxd4 15. Bxd4 Rxd4 16. Rxd4 Qxd4 17. Rd1 Qe5 18. Nxe4 Qxe4 19. Qxe4 Nxe4 20. Be2 g5 21. Bf3 Nd6 22. b3 b6 23. Kf1 Rd8 24. g4 Kf8 25. Ke2 Ke7 26. a4 a5 27. Rh1 h6 28. h4 f6 29. Bc6 Nf7 30. Bb5 Ne5 31. f3 Rd4 32. hxg5 hxg5 33. Ke3 Rf4 34. Be2 Nd7 35. Bb5 Nc5 36. Rd1 e5 37. Bc6 e4 38. fxe4 Rxg4 39. Rf1 Rg3+ 40. Kf2 Rc3 41. Rc1 Nxb3 0-1

[Event "7th Francophone-ch 2019"]
[Site "Paris"]
[Date "2019.08.04"]
[Round "1.8"]
[White "Rakotomaharo, Fy Antenaina"]
[Black "Tran, Phat"]
[Result "1-0"]
[ECO "E71"]
[WhiteElo "2419"]
[BlackElo "2333"]
[Annotator "NA"]
[PlyCount "49"]
[EventDate "2019.08.04"]
[EventType "swiss"]
[EventCountry "FRA"]
[SourceTitle "playchess.com"]
[Source "ChessBase"]
[SourceQuality "1"]
[TimeControl "40/5400+30:1800+30"]

1. d4 Nf6 2. c4 g6 3. Nc3 Bg7 4. e4 d6 5. h3 O-O 6. Be3 e5 7. d5 Nbd7 8. g4 Nc5 9. f3 a5 10. Qd2 Bd7 11. Nge2 Kh8 12. h4 h5 13. Ng3 Kh7 14. Be2 Rh8 15. Bg5 hxg4 16. h5 Kg8 17. O-O-O Rh7 18. fxg4 Qf8 19. Rdf1 Nxg4 20. hxg6 Rxh1 21. Nxh1 f6 22. Bxg4 Bxg4 23. Qh2 Qd8 24. Qh7+ Kf8 25. Rxf6+ 1-0

[Event "7th Francophone-ch 2019"]
[Site "Paris"]
[Date "2019.08.04"]
[Round "1.9"]
[White "Annetti, Laurent"]
[Black "Dardha, Daniel"]
[Result "0-1"]
[ECO "B22"]
[WhiteElo "1756"]
[BlackElo "2420"]
[Annotator "NA"]
[PlyCount "60"]
[EventDate "2019.08.04"]
[EventType "swiss"]
[EventCountry "FRA"]
[SourceTitle "playchess.com"]
[Source "ChessBase"]
[SourceQuality "1"]
[TimeControl "40/5400+30:1800+30"]

1. e4 c5 2. d4 cxd4 3. c3 Nf6 4. e5 Nd5 5. cxd4 d6 6. Bc4 e6 7. Nf3 Be7 8. O-O O-O 9. a3 b6 10. Qe2 Bb7 11. Bd3 Nd7 12. Qe4 g6 13. Bh6 Re8 14. Qg4 dxe5 15. dxe5 Qc7 16. Re1 Nc5 17. Bf1 Nb3 18. Ra2 Rac8 19. Nbd2 Nxd2 20. Nxd2 Bf8 21. Bxf8 Rxf8 22. Nf3 Qc2 23. Nd4 Qd2 24. Raa1 Qxb2 25. Bd3 Qd2 26. Rad1 Qf4 27. Qh3 Nc3 28. g3 Qg5 29. Rc1 Qd8 30. Qg4 Qd5 0-1

[Event "7th Francophone-ch 2019"]
[Site "Paris"]
[Date "2019.08.04"]
[Round "1.10"]
[White "Piscopo, Pierluigi"]
[Black "Ider, Borya"]
[Result "1-0"]
[ECO "B01"]
[WhiteElo "2407"]
[BlackElo "2506"]
[Annotator "ChessBase"]
[PlyCount "42"]
[EventDate "2019.08.04"]
[EventType "swiss"]
[EventCountry "FRA"]
[SourceTitle "playchess.com"]
[Source "ChessBase"]
[SourceQuality "1"]
[TimeControl "40/5400+30:1800+30"]

1. e4 d5 2. exd5 Nf6 3. d4 Nxd5 4. Nf3 Bg4 5. Be2 e6 6. O-O Bd6 7. h3 h5 8. Re1 Nf4 9. Bxf4 Bxf4 10. d5 Nd7 11. dxe6 Bxe6 12. Nc3 O-O 13. Nd4 Be5 14. Nxe6 fxe6 15. Bc4 Qf6 16. Qxd7 Qxf2+ 17. Kh1 Rf3 18. Qxe6+ Kh8 19. Rxe5 g6 20. Rxh5+ Kg7 21. Qe7+ Rf7 1-0

[Event "7th Francophone-ch 2019"]
[Site "Paris"]
[Date "2019.08.05"]
[Round "2.1"]
[White "Mastrovasilis, Dimitrios"]
[Black "Meftahi, Houssem"]
[Result "1-0"]
[ECO "B48"]
[WhiteElo "2589"]
[BlackElo "2099"]
[Annotator "ChessBase"]
[PlyCount "37"]
[EventDate "2019.08.04"]
[EventType "swiss"]
[EventCountry "FRA"]
[SourceTitle "playchess.com"]
[Source "ChessBase"]
[SourceQuality "1"]
[TimeControl "40/5400+30:1800+30"]

1. e4 c5 2. Nf3 e6 3. d4 cxd4 4. Nxd4 Nc6 5. Nc3 Qc7 6. Be3 a6 7. Qd2 Nf6 8. O-O-O Bb4 9. f3 Na5 10. Nb3 Nxb3+ 11. axb3 Be7 12. Bf4 e5 13. Bg5 Qa5 14. Kb1 d6 15. Bxf6 gxf6 16. Bc4 b5 17. Qd5 O-O 18. Qxa8 bxc4 19. Nd5 1-0

[Event "7th Francophone-ch 2019"]
[Site "Paris"]
[Date "2019.08.05"]
[Round "2.2"]
[White "Bourhaleb, Mouneim"]
[Black "David, Alberto"]
[Result "0-1"]
[ECO "A62"]
[WhiteElo "2115"]
[BlackElo "2553"]
[Annotator "ChessBase"]
[PlyCount "60"]
[EventDate "2019.08.04"]
[EventType "swiss"]
[EventCountry "FRA"]
[SourceTitle "playchess.com"]
[Source "ChessBase"]
[SourceQuality "1"]
[TimeControl "40/5400+30:1800+30"]

1. d4 Nf6 2. c4 e6 3. g3 c5 4. d5 exd5 5. cxd5 d6 6. Nc3 g6 7. Bg2 Bg7 8. Nf3 O-O 9. O-O Re8 10. Re1 Na6 11. h3 Bd7 12. e4 b5 13. e5 dxe5 14. Nxe5 b4 15. Nxd7 Rxe1+ 16. Qxe1 Qxd7 17. Qe2 Nc7 18. Ne4 Nxe4 19. Qxe4 Re8 20. Qc2 Re1+ 21. Kh2 Bd4 22. d6 Nb5 23. Rb1 Nxd6 24. Be3 Rxb1 25. Qxb1 Bxe3 26. fxe3 Nf5 27. Qe1 Qd3 28. e4 Qe3 29. Qxe3 Nxe3 30. Bf3 c4 0-1

[Event "7th Francophone-ch 2019"]
[Site "Paris"]
[Date "2019.08.05"]
[Round "2.5"]
[White "Flom, Gabriel"]
[Black "Lebrun, Xavier"]
[Result "1-0"]
[ECO "D03"]
[WhiteElo "2494"]
[BlackElo "2059"]
[Annotator "ChessBase"]
[PlyCount "58"]
[EventDate "2019.08.04"]
[EventType "swiss"]
[EventCountry "FRA"]
[SourceTitle "playchess.com"]
[Source "ChessBase"]
[SourceQuality "1"]
[TimeControl "40/5400+30:1800+30"]

1. d4 Nf6 2. Bg5 e6 3. Nd2 d5 4. e3 Be7 5. Bd3 Nbd7 6. Ngf3 b6 7. c3 Bb7 8. O-O Ne4 9. Bxe7 Qxe7 10. c4 Nxd2 11. Qxd2 dxc4 12. Bxc4 O-O 13. Qe2 c5 14. Ba6 Bxf3 15. Qxf3 cxd4 16. exd4 Nf6 17. Rac1 Nd5 18. a3 Rfd8 19. Rc4 Rd6 20. Rfc1 Rad8 21. b4 g6 22. g3 Kg7 23. Qe4 Nf6 24. Qe3 Nd5 25. Qe5+ Qf6 26. Rc6 Rxc6 27. Rxc6 Rd7 28. Rc8 Ne7 29. Ra8 Nf5 1-0

[Event "7th Francophone-ch 2019"]
[Site "Paris"]
[Date "2019.08.05"]
[Round "2.6"]
[White "Van Houtte, Thierry"]
[Black "Vedmediuc, Serghei"]
[Result "0-1"]
[ECO "A37"]
[WhiteElo "2077"]
[BlackElo "2450"]
[Annotator "ChessBase"]
[PlyCount "50"]
[EventDate "2019.08.04"]
[EventType "swiss"]
[EventCountry "FRA"]
[SourceTitle "playchess.com"]
[Source "ChessBase"]
[SourceQuality "1"]
[TimeControl "40/5400+30:1800+30"]

1. Nf3 c5 2. g3 Nc6 3. Bg2 g6 4. O-O Bg7 5. c4 e6 6. Nc3 Nge7 7. d4 Nxd4 8. Nxd4 cxd4 9. Nb5 Nf5 10. Bg5 f6 11. Bf4 e5 12. e4 Nh6 13. Bxh6 Bxh6 14. Nd6+ Ke7 15. c5 Qc7 16. b4 b6 17. Nb5 Qb8 18. Nd6 bxc5 19. bxc5 Ba6 20. Re1 Qb4 21. Qb3 Qxb3 22. axb3 Bd3 23. Bf1 Bc2 24. Bc4 d3 25. Nf7 Bd2 0-1

[Event "7th Francophone-ch 2019"]
[Site "Paris"]
[Date "2019.08.05"]
[Round "2.7"]
[White "Prie, Eric"]
[Black "Lemoine, Alexandre"]
[Result "1-0"]
[ECO "A45"]
[WhiteElo "2436"]
[BlackElo "2070"]
[Annotator "NA"]
[PlyCount "59"]
[EventDate "2019.08.04"]
[EventType "swiss"]
[EventCountry "FRA"]
[SourceTitle "playchess.com"]
[Source "ChessBase"]
[SourceQuality "1"]
[TimeControl "40/5400+30:1800+30"]

1. d4 Nf6 2. Bf4 g6 3. Nc3 d5 4. e3 Bg7 5. h4 h5 6. Nf3 O-O 7. Ne5 c5 8. Qd2 cxd4 9. exd4 Nc6 10. O-O-O Bf5 11. f3 $11 Nb4 12. Nd3 Bxd3 13. Bxd3 Qa5 14. a3 Nxd3+ 15. Qxd3 Rac8 16. Kb1 Rc4 17. Na2 Rfc8 18. c3 b5 19. Rde1 Qd8 20. Qe2 Qd7 21. Bg5 R8c7 22. Bxf6 Bxf6 23. g4 a5 24. Rd1 b4 25. axb4 axb4 26. Nxb4 Qb5 27. Rh2 hxg4 28. fxg4 Qd7 29. Qf3 Bxd4 30. Rxd4 1-0

[Event "7th Francophone-ch 2019"]
[Site "Paris"]
[Date "2019.08.05"]
[Round "2.8"]
[White "L'Henoret, Thierry"]
[Black "Rakotomaharo, Fy Antenaina"]
[Result "0-1"]
[ECO "D11"]
[WhiteElo "2064"]
[BlackElo "2419"]
[Annotator "NA"]
[PlyCount "88"]
[EventDate "2019.08.04"]
[EventType "swiss"]
[EventCountry "FRA"]
[SourceTitle "playchess.com"]
[Source "ChessBase"]
[SourceQuality "1"]
[TimeControl "40/5400+30:1800+30"]

1. Nf3 d5 2. d4 Nf6 3. e3 Bg4 4. h3 Bh5 5. c4 c6 6. Nc3 e6 7. g4 Bg6 8. Ne5 Nfd7 9. Nxg6 hxg6 10. cxd5 cxd5 11. Qb3 Qc8 12. Bd2 Nc6 13. Rc1 Bd6 $11 14. Na4 Qc7 15. Bb4 Rb8 16. Bb5 O-O 17. O-O Rfc8 18. a3 g5 19. Rc3 Bxb4 20. axb4 Nf6 21. Bd3 e5 22. Rfc1 exd4 23. exd4 Qd8 24. Bf5 Nxd4 25. Rxc8 Nxb3 26. Rxd8+ Rxd8 27. Rd1 a5 28. Bc2 b5 29. Bxb3 bxa4 30. Bxa4 axb4 31. Rd4 Rb8 32. Bc6 Kf8 33. Rd3 Rd8 34. Rd4 Rc8 35. Ba4 Rc4 36. Rd1 Ke7 37. Bb3 Rc5 38. Rd4 Rb5 39. f4 gxf4 40. Rxf4 Nh7 41. h4 Nf8 42. Rf5 Ke6 43. Rg5 g6 44. Bc2 Nh7 0-1

[Event "7th Francophone-ch 2019"]
[Site "Paris"]
[Date "2019.08.05"]
[Round "2.9"]
[White "Dardha, Daniel"]
[Black "Sotelo, Renzo"]
[Result "1-0"]
[ECO "E70"]
[WhiteElo "2420"]
[BlackElo "2046"]
[Annotator "NA"]
[PlyCount "75"]
[EventDate "2019.08.04"]
[EventType "swiss"]
[EventCountry "FRA"]
[SourceTitle "playchess.com"]
[Source "ChessBase"]
[SourceQuality "1"]
[TimeControl "40/5400+30:1800+30"]

1. c4 Nf6 2. Nc3 g6 3. e4 d6 4. d4 Bg7 5. Bd3 e5 6. d5 a5 7. Nge2 Nbd7 8. O-O O-O 9. f3 Nh5 10. Be3 b6 11. a3 f5 12. exf5 gxf5 $14 13. b4 Qe7 14. Bc2 Nf4 15. Ng3 axb4 16. axb4 Rxa1 17. Qxa1 Nxg2 18. Kxg2 f4 19. Bd2 fxg3 20. hxg3 Nf6 21. Qb1 Qf7 22. Rh1 e4 23. Nxe4 Nxe4 24. Bxe4 Bf5 25. Bxf5 Qxf5 26. Qxf5 Rxf5 27. b5 Rf8 28. Re1 Kf7 29. Re4 Ra8 30. Bg5 Bf8 31. Kh3 Kg6 32. Kg4 Kf7 33. Kf5 Ra3 34. Bd8 Rxf3+ 35. Kg4 Rb3 36. Bxc7 h5+ 37. Kxh5 Rxg3 38. Rf4+ 1-0

[Event "7th Francophone-ch 2019"]
[Site "Paris"]
[Date "2019.08.05"]
[Round "2.10"]
[White "Morice, Ludovic"]
[Black "Piscopo, Pierluigi"]
[Result "1/2-1/2"]
[ECO "B22"]
[WhiteElo "2069"]
[BlackElo "2407"]
[Annotator "NA"]
[PlyCount "68"]
[EventDate "2019.08.04"]
[EventType "swiss"]
[EventCountry "FRA"]
[SourceTitle "playchess.com"]
[Source "ChessBase"]
[SourceQuality "1"]
[TimeControl "40/5400+30:1800+30"]

1. e4 c5 2. Nf3 e6 3. c3 Nf6 4. e5 Nd5 5. g3 Nc6 6. Bg2 d6 7. exd6 Bxd6 8. O-O O-O 9. d4 cxd4 10. Nxd4 Nxd4 11. Qxd4 Qc7 12. c4 Nf6 13. Nc3 Be5 14. Bf4 Bxf4 15. Qxf4 e5 16. Qh4 Be6 17. b3 Rad8 18. Ne4 Nxe4 19. Qxe4 Bc8 20. Rfe1 Rfe8 21. Rad1 h6 22. h4 Rxd1 23. Rxd1 Qa5 24. Qc2 Bg4 25. Rd5 Qe1+ 26. Kh2 e4 27. Qd2 Qxd2 28. Rxd2 Re7 29. Rd8+ Kh7 30. Bh3 h5 31. Bxg4 hxg4 32. Kg2 Kg6 33. Kf1 e3 34. Rd4 f5 1/2-1/2

[Event "7th Francophone-ch 2019"]
[Site "Paris"]
[Date "2019.08.06"]
[Round "3.1"]
[White "Ralison, Milanto Harifidy"]
[Black "Mastrovasilis, Dimitrios"]
[Result "1/2-1/2"]
[ECO "C48"]
[WhiteElo "2291"]
[BlackElo "2589"]
[Annotator "ChessBase"]
[PlyCount "160"]
[EventDate "2019.08.04"]
[EventType "swiss"]
[EventCountry "FRA"]
[SourceTitle "playchess.com"]
[Source "ChessBase"]
[SourceQuality "1"]
[TimeControl "40/5400+30:1800+30"]

1. e4 e5 2. Nf3 Nc6 3. Nc3 Nf6 4. Bb5 Bc5 5. O-O O-O 6. d3 Nd4 7. Ba4 d6 8. Nxd4 Bxd4 9. Bg5 c6 10. Rb1 h6 11. Bxf6 Qxf6 12. Ne2 Bb6 13. Kh1 d5 14. exd5 cxd5 15. Bb3 Be6 16. f4 Rad8 17. f5 Bc8 18. Nc3 e4 19. Nxd5 Qe5 20. dxe4 Qxe4 21. c4 Rfe8 22. Qh5 Bc5 23. Rbd1 Rd6 24. h3 Qe2 25. Qh4 Qe4 26. Rf4 Qe5 27. Rdf1 Bd7 28. Bc2 Qxb2 29. Bb1 Rxd5 30. cxd5 Bd6 31. Re4 Rc8 32. Rfe1 f6 33. Rc4 Rxc4 34. Qxc4 Qf2 35. Qe2 Qg3 36. Kg1 Bc5+ 37. Kh1 Bd6 38. Kg1 Bb5 39. Qd2 Qh2+ 40. Kf2 Qg3+ 41. Kg1 Bc4 42. Re4 Qh2+ 43. Kf2 Qg3+ 44. Kg1 b5 45. a4 Bc5+ 46. Kh1 Bd6 47. Kg1 h5 48. axb5 Qh2+ 49. Kf2 Qg3+ 50. Kg1 Bxb5 51. Bc2 Bc5+ 52. Kh1 Bd6 53. Kg1 h4 54. Rg4 Qe5 55. Kf2 Qa1 56. Bd3 Bg3+ 57. Ke2 Be8 58. Bc4 Kh7 59. Rd4 Bh5+ 60. Kd3 Qb1+ 61. Qc2 Be2+ 62. Kc3 Be1+ 63. Rd2 Qxc2+ 64. Kxc2 Bxc4 65. Rd1 Ba5 66. Rd4 Bb5 67. Rxh4+ Kg8 68. Re4 Kf8 69. g4 Bc7 70. Kc3 a5 71. Re6 Be5+ 72. Kb3 Bd7 73. Ra6 a4+ 74. Kb4 Ke7 75. Kc5 Bg3 76. d6+ Kf7 77. Kd5 Bf2 78. Ra8 Be3 79. Rd8 Bb5 80. Rb8 Bd7 1/2-1/2

[Event "7th Francophone-ch 2019"]
[Site "Paris"]
[Date "2019.08.06"]
[Round "3.2"]
[White "David, Alberto"]
[Black "Dudognon, Thibault"]
[Result "1/2-1/2"]
[ECO "C77"]
[WhiteElo "2553"]
[BlackElo "2247"]
[Annotator "ChessBase"]
[PlyCount "55"]
[EventDate "2019.08.04"]
[EventType "swiss"]
[EventCountry "FRA"]
[SourceTitle "playchess.com"]
[Source "ChessBase"]
[SourceQuality "1"]
[TimeControl "40/5400+30:1800+30"]

1. e4 e5 2. Nf3 Nc6 3. Bb5 a6 4. Ba4 Nf6 5. d3 d6 6. c3 g6 7. O-O Bg7 8. Re1 O-O 9. Bg5 b5 10. Bc2 h6 11. Bh4 Qe8 12. a4 Rb8 13. axb5 axb5 14. Bxf6 Bxf6 15. Nbd2 Nd8 16. Nf1 Ne6 17. Ne3 c6 18. d4 Ng5 19. d5 c5 20. Nd2 Bd8 21. c4 b4 22. Ba4 Qe7 23. Bb5 Nh7 24. Ba6 Bd7 25. Bb5 Bc8 26. Ba6 Bd7 27. Bb5 Bc8 28. Ba6 1/2-1/2

[Event "7th Francophone-ch 2019"]
[Site "Paris"]
[Date "2019.08.06"]
[Round "3.3"]
[White "Chandesris, Ludovic"]
[Black "Shchekachev, Andrei"]
[Result "0-1"]
[ECO "B22"]
[WhiteElo "2272"]
[BlackElo "2531"]
[Annotator "ChessBase"]
[PlyCount "72"]
[EventDate "2019.08.04"]
[EventType "swiss"]
[EventCountry "FRA"]
[SourceTitle "playchess.com"]
[Source "ChessBase"]
[SourceQuality "1"]
[TimeControl "40/5400+30:1800+30"]

1. e4 c5 2. Nf3 e6 3. c3 d5 4. exd5 Qxd5 5. Na3 Nf6 6. d4 Be7 7. Nb5 Na6 8. Be3 Ng4 9. c4 Nxe3 10. fxe3 Qd8 11. Bd3 O-O 12. a3 Nc7 13. Nc3 Rb8 14. Qc2 h6 15. O-O-O cxd4 16. exd4 Bd7 17. Rhf1 b5 18. Ne5 Be8 19. d5 exd5 20. cxd5 b4 21. axb4 Bxb4 22. Nc6 Bxc6 23. dxc6 Qg5+ 24. Kb1 Qa5 25. Rf5 Qb6 26. Nd5 Nxd5 27. Rxd5 a6 28. Bf5 Ba5 29. Rc1 Qb4 30. Rd7 Qf4 31. Qc5 Bb4 32. Qd5 Ba3 33. Rc2 Rb5 34. Qxb5 axb5 35. c7 Qf1+ 36. Ka2 Qxf5 0-1

[Event "7th Francophone-ch 2019"]
[Site "Paris"]
[Date "2019.08.06"]
[Round "3.4"]
[White "Leconte, Maria"]
[Black "Flom, Gabriel"]
[Result "0-1"]
[ECO "B10"]
[WhiteElo "2245"]
[BlackElo "2494"]
[Annotator "ChessBase"]
[PlyCount "92"]
[EventDate "2019.08.04"]
[EventType "swiss"]
[EventCountry "FRA"]
[SourceTitle "playchess.com"]
[Source "ChessBase"]
[SourceQuality "1"]
[TimeControl "40/5400+30:1800+30"]

1. e4 c6 2. c4 e5 3. Nf3 d6 4. d4 Bg4 5. d5 Nf6 6. Nc3 Nbd7 7. h3 Bxf3 8. Qxf3 Be7 9. Bd3 h5 10. Bc2 h4 11. Bg5 Nh5 12. Bxe7 Qxe7 13. dxc6 bxc6 14. Ba4 Rc8 15. Qg4 Rc7 16. O-O-O Kf8 17. Rd2 Nhf6 18. Qf3 Ne8 19. b4 a5 20. a3 axb4 21. axb4 Nb6 22. Bb3 c5 23. b5 Ra7 24. Kb2 Qg5 25. Rhd1 Rh6 26. Qg4 Qe7 27. Ra1 Rxa1 28. Kxa1 Rg6 29. Qh5 Kg8 30. f3 Nc7 31. Nd5 Ncxd5 32. exd5 e4 33. Re2 Qf6+ 34. Ka2 Rg5 35. Qxh4 Rxg2 36. Qxe4 Rg1 37. Re1 Rg3 38. Qe8+ Kh7 39. Re7 Qxf3 40. Bc2+ f5 41. Bd3 Nxc4 42. Re2 Ne5 43. Re3 Rg2+ 44. Ka3 Qxe3 45. Qh5+ Qh6 46. Bxf5+ g6 0-1

[Event "7th Francophone-ch 2019"]
[Site "Paris"]
[Date "2019.08.06"]
[Round "3.5"]
[White "Vedmediuc, Serghei"]
[Black "Le Quang, Kim"]
[Result "1/2-1/2"]
[ECO "B90"]
[WhiteElo "2450"]
[BlackElo "2243"]
[Annotator "ChessBase"]
[PlyCount "88"]
[EventDate "2019.08.04"]
[EventType "swiss"]
[EventCountry "FRA"]
[SourceTitle "playchess.com"]
[Source "ChessBase"]
[SourceQuality "1"]
[TimeControl "40/5400+30:1800+30"]

1. e4 c5 2. Nf3 d6 3. d4 cxd4 4. Nxd4 Nf6 5. Nc3 a6 6. f3 e5 7. Nb3 Be7 8. Be3 Be6 9. Qd2 O-O 10. O-O-O a5 11. a4 Nc6 12. g4 Nb4 13. g5 Nh5 14. Kb1 Rc8 15. Rg1 g6 16. Bb5 Qc7 17. Qf2 Nf4 18. Bxf4 exf4 19. Nd4 d5 20. exd5 Bxd5 21. h4 Bc5 22. Rd2 Rfd8 23. Rgd1 Qb6 24. Nce2 Nc6 25. Bxc6 Bxc6 26. Nxf4 Bxa4 27. Nfe2 Bb4 28. Qe3 Bxd2 29. Rxd2 Re8 30. Qf2 Re7 31. Ng3 Qc7 32. Ne4 Kg7 33. h5 Qe5 34. Re2 Qf4 35. hxg6 hxg6 36. Qe1 b6 37. Qg1 Rh8 38. b3 Bd7 39. Nf6 Rxe2 40. Nxe2 Qd2 41. Ne4 Qb4 42. Nc1 Rh4 43. Nd3 Qe7 44. Qxb6 Bf5 1/2-1/2

[Event "7th Francophone-ch 2019"]
[Site "Paris"]
[Date "2019.08.06"]
[Round "3.6"]
[White "Geenen, Marc"]
[Black "Prie, Eric"]
[Result "1/2-1/2"]
[ECO "B01"]
[WhiteElo "2247"]
[BlackElo "2436"]
[Annotator "NA"]
[PlyCount "49"]
[EventDate "2019.08.04"]
[EventType "swiss"]
[EventCountry "FRA"]
[SourceTitle "playchess.com"]
[Source "ChessBase"]
[SourceQuality "1"]
[TimeControl "40/5400+30:1800+30"]

1. e4 d5 2. exd5 Qxd5 3. Nc3 Qa5 4. d4 Nf6 5. Nf3 Bf5 6. Bc4 e6 7. Bd2 Bb4 8. a3 Bxc3 9. Bxc3 Qb6 10. d5 Nbd7 11. O-O exd5 12. Re1+ Be6 13. Bxd5 Nxd5 14. Qxd5 O-O-O 15. Qa5 Qxa5 16. Bxa5 Nc5 17. Bb4 Rd5 18. Rad1 Rhd8 19. Rxd5 Rxd5 20. Re5 Nd7 21. Rxd5 Bxd5 22. Nd2 c5 23. Bc3 g6 24. f3 Nf8 25. Kf2 1/2-1/2

[Event "7th Francophone-ch 2019"]
[Site "Paris"]
[Date "2019.08.06"]
[Round "3.7"]
[White "Rakotomaharo, Fy Antenaina"]
[Black "Sim, Sylvain"]
[Result "1-0"]
[ECO "B33"]
[WhiteElo "2419"]
[BlackElo "2211"]
[Annotator "NA"]
[PlyCount "83"]
[EventDate "2019.08.04"]
[EventType "swiss"]
[EventCountry "FRA"]
[SourceTitle "playchess.com"]
[Source "ChessBase"]
[SourceQuality "1"]
[TimeControl "40/5400+30:1800+30"]

1. e4 c5 2. Nf3 Nc6 3. d4 cxd4 4. Nxd4 Nf6 5. Nc3 e5 6. Ndb5 d6 7. Bg5 a6 8. Na3 b5 9. Nd5 Be7 10. Bxf6 Bxf6 11. c3 O-O 12. Nc2 Rb8 13. Be2 Bg5 14. O-O Be6 15. Qd3 a5 16. Nce3 Bxe3 17. Nxe3 Qd7 18. Rfd1 Rfd8 19. h3 Ne7 20. Bg4 Bxg4 21. hxg4 b4 22. c4 Qe6 23. Rd2 g6 24. b3 Nc6 25. Nd5 h6 26. Rad1 Kg7 27. f3 Nd4 28. Qe3 f6 29. Rf1 Nc6 30. Nc7 Qe7 31. Nb5 Ra8 32. Qb6 Nd4 33. Nxd4 exd4 34. Rxd4 a4 35. Rfd1 axb3 36. axb3 g5 37. Qxb4 Rdb8 38. Qxd6 Qxd6 39. Rxd6 Rxb3 40. Rd7+ Kf8 41. Rh7 Kg8 42. Rc7 1-0